 Dungeon Crawl Stone Soup version 0.27.1-16-g815e20cd7a (webtiles) character file.

Game seed: 14800394983780322637

531 pkoi the Scholar of Death (level 7, -4/50 HPs)
             Began as a Black Draconian Necromancer on Nov 23, 2021.
             Was a Follower of Kikubaaqudgha.
             Killed themself with a bounced orb of electricity (12 damage)
             ... on level 5 of the Dungeon.
             The game lasted 00:11:15 (7416 turns).

pkoi the Scholar of Death (DrNe)                    Turns: 7416, Time: 00:11:16

Health: -4/50      AC:  8    Str: 17    XL:     7   Next: 3%
Magic:  10/10      EV: 12    Int: 17    God:    Kikubaaqudgha [*.....]
Gold:   103        SH:  0    Dex: 11    Spells: 7/10 levels left

rFire    . . .     SeeInvis .     - Unarmed
rCold    . . .     Faith    .   (no shield)
rNeg     . . .     Spirit   .   (armour unavailable)
rPois    .         Reflect  .   (helmet restricted)
rElec    +         Harm     .   (no cloak)
rCorr    .         Rampage  .   o - +1 pair of gloves
Will     .....                  (no boots)
Stlth    ++........             (no amulet)
HPRegen  0.16/turn              f - +6 ring of strength
MPRegen  0.12/turn              n - ring of flight

@: flying
A: breathe lightning, AC +6, unfitting armour, electricity resistance,
cold-blooded
a: Breathe Lightning, Renounce Religion, Receive Corpses


You were on level 5 of the Dungeon.
You worshipped Kikubaaqudgha.
Kikubaaqudgha was aware of your devotion.
You visited 1 branch of the dungeon, and saw 5 of its levels.

You collected 103 gold pieces.

Inventory:

Armour
 o - a +1 pair of gloves (worn)
Magical Staves
 a - a staff of conjuration
Jewellery
 f - a +6 ring of strength (left hand)
 n - a ring of flight (right hand)
Wands
 r - a wand of iceblast (4)
Scrolls
 b - 3 scrolls of identify
 h - a scroll of enchant armour
 j - 2 scrolls of teleportation
 m - a scroll of enchant weapon {unknown}
 p - a scroll of brand weapon {unknown}
Potions
 c - 3 potions of haste
 d - 2 potions of lignification {unknown}
 e - a potion of magic
 g - a potion of resistance {unknown}
 i - a potion of curing {unknown}
 k - a potion of heal wounds {unknown}
 l - a potion of might {unknown}
 q - a potion of berserk rage {unknown}
 s - a potion of brilliance {unknown}


   Skills:
 - Level 1.7 Dodging
 - Level 1.7 Stealth
 + Level 5.1 Unarmed Combat
 - Level 2.0 Spellcasting
 + Level 5.9 Necromancy
 + Level 2.6 Translocations


You had 7 spell levels left.
You knew the following spells:

 Your Spells              Type           Power      Damage    Failure   Level
a - Pain                  Necr           84%        1d8       1%          1
b - Blink                 Tloc           N/A        N/A       10%         2

Your spell library contained the following spells:

 Spells                   Type           Power      Damage    Failure   Level
 Animate Skeleton         Necr           42%        N/A       1%          1
 Sublimation of Blood     Necr           10%        N/A       2%          2
 Vampiric Draining        Necr           10%        2d7       4%          3
 Corpse Rot               Necr/Air       N/A        N/A       9%          2
 Animate Dead             Necr           10%        N/A       17%         4
 Lesser Beckoning         Tloc           5%         N/A       21%         3
 Agony                    Necr           21%        N/A       43%         5
 Inner Flame              Hex/Fire       1%         N/A       50%         3
 Cause Fear               Hex            0%         N/A       88%         4
 Manifold Assault         Tloc           10%        N/A       88%         5
 Discord                  Hex            0%         N/A       100%        8


Dungeon Overview and Level Annotations

Branches:
Dungeon (5/15)
 Temple: D:4-7

Altars:
Ashenzari
Cheibriados
Dithmenos
Kikubaaqudgha
Uskayaw
Wu Jian


Innate Abilities, Weirdness & Mutations

You can breathe wild blasts of lightning.
Your glossy black scales are hard. (AC +6)
You cannot fit into any form of body armour.
You are resistant to electric shocks. (rElec)
You are cold-blooded and may be slowed by cold attacks.


Message History

You hit the hornet zombie but do no damage.
The hornet zombie is lightly damaged.
The hornet zombie hits you.
You barely miss the hornet zombie.
The hornet zombie is lightly damaged.
The hornet zombie hits you but does no damage.
The hornet zombie hits you.
* * * LOW HITPOINT WARNING * * *
You hit the hornet zombie.
The hornet zombie is lightly damaged.
The hornet zombie hits you.
* * * LOW HITPOINT WARNING * * *
You hit the hornet zombie.
The hornet zombie is moderately damaged.
The hornet zombie closely misses you.
You hit the hornet zombie.
The hornet zombie is moderately damaged.
The hornet zombie hits you but does no damage.
You barely miss the hornet zombie.
The hornet zombie is moderately damaged.
The hornet zombie hits you.
* * * LOW HITPOINT WARNING * * *
You hit the hornet zombie but do no damage.
The hornet zombie is moderately damaged.
The hornet zombie closely misses you.
You barely miss the hornet zombie.
The hornet zombie is moderately damaged.
The hornet zombie hits you but does no damage.
The hornet zombie barely misses you.
You breathe a wild blast of lightning!
The orb of electricity explodes!
The orb of electricity engulfs the hornet zombie!!
The hornet zombie is severely damaged.
The orb of electricity engulfs you! You resist.
* * * LOW HITPOINT WARNING * * *
The orb of electricity explodes!
The orb of electricity engulfs the hornet zombie!
The hornet zombie is almost destroyed.
The orb of electricity engulfs you! You resist.
You die...
Kikubaaqudgha rasps: "You have failed me!
Welcome... death!"

### ..# #.# #.#
# #.# .#
####.####..##.#
#..<..(@Z......
#.##†#######..#
#.#.#.##.#
#........#
###.#Z#### ...
#.... #.##. #.
#.


You could see a hornet zombie.

Vanquished Creatures
  A water moccasin (D:4)
  A scorpion (D:5)
  A bullfrog zombie (D:5)
  2 hounds
  Ijyb (D:3)
  An orc wizard (D:4)
  A hound skeleton (D:4)
  4 gnolls (D:3)
  5 adders
  2 ufetubi
  An adder skeleton (D:4)
  3 worms
  2 dart slugs
  14 orcs
  6 ball pythons
  6 endoplasms
  3 giant cockroaches
  5 goblins
  9 hobgoblins
  4 jackals
  2 quokkas (D:3)
  7 bats
  2 frilled lizards
  8 kobolds
  9 rats
100 creatures vanquished.

Vanquished Creatures (others)
  A human (D:3)
  An orc (D:4)
2 creatures vanquished.

Grand Total: 102 creatures vanquished

Notes
Turn   | Place    | Note
-------+----------+-------------------------------------------
     0 | D:1      | pkoi the Draconian Necromancer began the quest for the Orb.
     0 | D:1      | Reached XP level 1. HP: 14/14 MP: 3/3
   183 | D:1      | Reached skill level 1 in Unarmed Combat
   451 | D:1      | Reached XP level 2. HP: 18/20 MP: 1/5
  1119 | D:1      | Found a faded altar of an unknown god.
  1515 | D:2      | Reached XP level 3. HP: 22/26 MP: 3/6
  3026 | D:2      | Reached XP level 4. HP: 31/33 MP: 4/7
  3319 | D:3      | HP: 1/33 [gnoll (5)]
  3668 | D:3      | Found an ancient bone altar of Kikubaaqudgha.
  3671 | D:3      | Noticed a human
  3673 | D:3      | Killed a human
  3678 | D:3      | Became a worshipper of Kikubaaqudgha
  3752 | D:3      | Found a hide-covered altar of Uskayaw.
  3752 | D:3      | Noticed Ijyb
  3798 | D:3      | Killed Ijyb
  3799 | D:3      | Reached XP level 5. HP: 21/38 MP: 4/8
  4065 | D:3      | Reached skill level 5 in Necromancy
  4378 | D:3      | Found an ornate altar of the Wu Jian Council.
  4758 | D:3      | Reached * piety under Kikubaaqudgha
  4758 | D:3      | Received a gift from Kikubaaqudgha
  4762 | D:3      | Learned a level 2 spell: Blink
  5373 | D:4      | Noticed a water moccasin
  5905 | D:4      | Reached skill level 1 in Translocations
  6439 | D:4      | Killed a water moccasin
  6440 | D:4      | Reached XP level 6. HP: 19/45 MP: 1/9
  6886 | D:4      | Found a snail-covered altar of Cheibriados.
  6987 | D:4      | Found a broken altar of Ashenzari.
  7142 | D:4      | Found a shadowy altar of Dithmenos.
  7172 | D:5      | Entered Level 5 of the Dungeon
  7193 | D:5      | Reached skill level 5 in Unarmed Combat
  7400 | D:5      | Your scales start taking on a glossy black colour.
  7400 | D:5      | Reached XP level 7. HP: 43/50 MP: 10/10
  7400 | D:5      | Gained mutation: You are resistant to electric shocks.
                  | (rElec) [Black Draconian growth]
  7416 | D:5      | Killed themself with a bounced orb of electricity

Illustrated notes

Levels and vault maps discovered:
D:1:      dpeg_arrival_central, layout_loops_ring,
          shapermc_ecumenical_altar_flowoftime, minmay_misc_feat_rugged
D:2:      layout_rooms
D:3:      layout_basic, mainiacjoe_overflow_small_starburst,
          eat_drink_and_be_merry_uskayaw, tgw_kikubaaqudgha,
          serial_bayou_crossing, uniq_ijyb
D:4:      kennysheep_spiral_hall, layout_loops_ring, nicolae_ashenzari_skybound,
          mainiacjoe_overflow_swirl
D:5:      wad_river_or_something, layout_loops_ring, old_standard_altar

Skill      XL: |  1  2  3  4  5  6 |
---------------+-------------------+-----
Unarmed Combat | 1 2 3 4 5 |  5.1
Necromancy     | 5 |  5.9
Translocations | 1 2 |  2.6
Dodging        | |  1.7
Stealth        | |  1.7
Spellcasting   | |  2.0

Action                   |  1- 3 |  4- 6 |  7- 9 || total
-------------------------+-------+-------+-------++-------
Melee: Unarmed           |    49 |    75 |    12 ||   136
       Tailslap          |     4 |     8 |       ||    12
       Punch             |       |     3 |     1 ||     4
 Cast: Pain              |    78 |   113 |       ||   191
  Use: Scroll            |     4 |     2 |       ||     6
 Stab: Sleeping          |       |     1 |       ||     1
Armor: Skin              |     9 |    67 |     5 ||    81
Dodge: Dodged            |    45 |   103 |     5 ||   153
